 Dungeon Crawl Stone Soup version 0.17-a0-18-gc25b939 (webtiles) character file.

14162 Chiseanne the Spry (level 11, -16/53 HPs)
             Began as a Spriggan Chaos Knight on Mar 10, 2015.
             Was an Initiate of Gozag.
             Killed by the capriciousness of Xom (26 damage)
             ... on level 10 of the Dungeon.
             The game lasted 00:53:49 (13228 turns).

Chiseanne the Spry (Spriggan Chaos Knight)         Turns: 13228, Time: 00:53:49

Health: -16/53     AC:  9    Str: 10 (11) XL:     11   Next: 85%
Magic:  20/20      EV: 30    Int: 10      God:    Gozag
Gold:   343        SH:  0    Dex: 14      Spells: 3 memorised, 3 levels left

rFire  + + .     SeeInvis +     a - +3 rapier "Turgh" {pierce, Stlth+}
rCold  . . .     Clarity  +     F - +2 robe {rF+}
rNeg   + . .     SustAb   .     (shield restricted)
rPois  .         Gourm    .     O - +2 hat {MR+}
rElec  +         Spirit   .     v - +2 cloak
rCorr  .         Warding  .     (gloves unavailable)
rMut   .         Stasis   .     (boots unavailable)
MR     ++...                    (no amulet)
Stlth  ++++++++..               P - ring "Tonuhy" {rElec rF+ rN+ Int-4}
                                A - +3 ring of slaying

@: repel missiles, very quick, very resistant to hostile enchantments,
extraordinarily stealthy
A: unfitting armour, see invisible, clarity, clumsy 1, herbivore 3, speed 3,
slow metabolism 2, spit poison 1
a: Spit Poison, Potion Petition, Call Merchant, Bribe Branch, Renounce Religion


You were on level 10 of the Dungeon.
You worshipped Gozag.
Gozag was noncommittal.
You were not hungry.

You visited 3 branches of the dungeon, and saw 12 of its levels.
You also visited: Volcano.

You collected 1311 gold pieces.
You spent 759 gold pieces at shops.
You paid 209 gold pieces to Gozag.

Inventory:

Hand weapons
 a - the +3 rapier "Turgh" (weapon) {pierce, Stlth+}
   (You found it on level 4 of the Dungeon)

   It inflicts extra damage upon your enemies.
   It makes you more stealthy.
 d - a +1 short sword of protection
 e - a +1 hand crossbow of flaming
 s - a +4 hand axe of chopping
 w - a +0 blowgun
 K - a +0 scimitar of flaming
 Q - a +3 falchion of holy wrath
 T - the +6 flail "Nautonuo" {drain, +Rage rF+ rC- Dex+2, unknown}
   (You found it on level 10 of the Dungeon)

   A truly terrible weapon, it drains the life of those it strikes.
   It affects your dexterity (+2).
   It protects you from fire.
   It makes you vulnerable to cold.
   It lets you go berserk.
Missiles
 h - 77 sling bullets
 l - 14 tomahawks
 m - 5 tomahawks of dispersal (quivered)
 p - 217 arrows
 u - 35 arrows of flame
 x - 21 sling bullets of frost
 D - 26 poisoned needles
 E - a throwing net
 J - 17 bolts
Armour
 v - a +2 cloak (worn)
 F - a +2 robe of fire resistance (worn)
 O - a +2 hat of magic resistance (worn)
Jewellery
 A - a +3 ring of slaying (left hand)
 P - the ring "Tonuhy" (right hand) {rElec rF+ rN+ Int-4}
   (You bought it in a shop on level 5 of the Dungeon)

   [ring of protection from fire]

   It affects your intelligence (-4).
   It protects you from fire.
   It insulates you from electricity.
   It protects you from negative energy.
Magical devices
 o - a wand of polymorph (6)
 B - a wand of paralysis (13) {god gift}
 I - a wand of cold (0)
 S - a wand of confusion (19)
Scrolls
 b - a scroll of enchant weapon
 f - 2 scrolls of magic mapping
 q - 3 scrolls of teleportation
 y - 3 scrolls of blinking
 C - a scroll of amnesia
 G - 6 scrolls of remove curse
Potions
 g - a potion of flight
 j - 8 potions of curing
 k - a potion of resistance {unknown}
 n - a potion of ambrosia {unknown}
 t - 4 potions of might
 z - a potion of degeneration {unknown}
 H - 2 potions of restore abilities
 L - 3 potions of heal wounds
Books
 i - a book of Air

   Spells                             Type                      Level
   a - Shock                          Conjuration/Air              1
   b - Swiftness                      Charms/Air                   2
   c - Repel Missiles                 Charms/Air                   2
   d - Flight                         Charms/Air                   3
   e - Static Discharge               Conjuration/Air              3
   f - Lightning Bolt                 Conjuration/Air              5
 M - a book of Death

   Spells                             Type                      Level
   a - Corpse Rot                     Necromancy                   2
   b - Sublimation of Blood           Necromancy                   2
   c - Agony                          Necromancy                   5
   d - Dispel Undead                  Necromancy                   5
   e - Excruciating Wounds            Charms/Necromancy            5
   f - Bolt of Draining               Conjuration/Necromancy       5
 R - a book of the Dragon

   Spells                             Type                      Level
   a - Flight                         Charms/Air                   3
   b - Cause Fear                     Hexes                        4
   c - Bolt of Fire                   Conjuration/Fire             6
   d - Dragon Form                    Transmutation                7
   e - Dragon's Call                  Summoning                    9
Miscellaneous
 r - a plain deck of war {drawn: 6}
Comestibles
 c - 9 bread rations
 N - a slice of pizza


   Skills:
 - Level 3.8 Fighting
 * Level 9.8 Short Blades
 - Level 3.9 Axes
 - Level 0.6 Armour
 * Level 17.1 Dodging
 * Level 14.7 Stealth


You had 3 spell levels left.
You knew the following spells:

 Your Spells              Type           Power        Failure   Level  Hunger
a - Repel Missiles        Chrm/Air       #.....       61%         2    ###....
b - Swiftness             Chrm/Air       #.......     61%         2    ###....
c - Flight                Chrm/Air       #.........   92%         3    ####...


Dungeon Overview and Level Annotations

Branches:
Dungeon (10/15)            Temple (1/1) D:4            Lair (1/8) D:8
    Orc: D:9-12

Altars:
Ashenzari
Cheibriados
Dithmenos
Elyvilon
Fedhas
Gozag
Kikubaaqudgha
Makhleb
Nemelex Xobeh
Okawaru
Qazlal
Ru
Sif Muna
Trog
Vehumet
Xom
Yredelemnul
Zin
The Shining One

Shops:
D:5 [=}[!   D:8 :

Annotations:
D:10 Bikalo's ghost, powerful VSTm; Grum


Innate Abilities, Weirdness & Mutations

You are tiny and cannot use many weapons and most armour.
You have supernaturally acute eyesight.
You are a herbivore.
You cover ground extremely quickly.
You need consume almost no food.
You possess an exceptional clarity of mind.
You are clumsy. (Dex -2)
You can spit poison.


Message History

Zapping:
B - a wand of paralysis {zapped: 8} {god gift} (will waste charges)
Press: ? - help, Shift-Dir - straight line, f/p - ice beast
Aim: an ice beast (lightly wounded, chance 46%)
The ice beast resists with some effort.
Evoking this partially-identified wand wasted a few charges.
The ice beast hits you.
* * * LOW HITPOINT WARNING * * *
The ice beast freezes you!
* * * LOW HITPOINT WARNING * * *
Found a faintly glowing flail.
You see here a faintly glowing flail.
T - a faintly glowing flail
Found 17 poisoned needles.
Found a scale mail.
Found a robe, a slice of pizza and 17 gold pieces.
There is an escape hatch in the ceiling here.
Xom notices you.
You convulse helplessly as pain tears through your body!
You die...
Your body crumbles into a pile of gold.

## #. #. # #.## ... ..#
$.[
###############.##.##..#
##.Y.Y.#....[...@.......#
##.###.#.#######.##.##..#
...# #.#.#..............#
J#.# #.#.#.######.##.#.#
.### #.....# %# .#
###.### $# .# #.# .# ##
#.( .. #### #.


There were no monsters in sight!

Vanquished Creatures
  A fire dragon (Volcano)
  A hydra (Lair:1)
  2 molten gargoyles (Volcano)
  A centaur zombie (D:10)
  A queen ant (D:10)
  Psyche (D:10)
  A komodo dragon (Lair:1)
  A spiny frog (Lair:1)
  2 trolls
  3 slime creatures (D:9)
  2 fire drakes (Volcano)
  A two-headed ogre (D:9)
  A basilisk (Lair:1)
  15 yaks
  Eustachio (D:10)
  4 fire bats (Volcano)
  2 hippogriffs
  A wolf (D:8)
  A soldier ant (D:10)
  A vampire mosquito (D:8)
  A water moccasin (Lair:1)
  3 ice beasts
  3 orc warriors
  2 porcupines (Lair:1)
  A sky beast (D:9)
  2 eyes of draining (D:8)
  4 centaurs
  2 necrophages
  A black bear (D:7)
  7 ogres
  3 phantoms
  A crocodile (Lair:1)
  3 big kobolds
  5 giant frogs
  3 killer bees (D:9)
  2 scorpions (D:6)
  3 crimson imps
  2 giant frog zombies
  A jelly (D:6)
  5 lava snakes (Volcano)
  4 orc wizards
  2 centaur skeletons
  3 orc priests
  A giant frog skeleton (D:5)
  7 hounds
  8 hell rats (Lair:1)
  A gnoll shaman (D:8)
  2 iguanas
  7 worker ants
  Terence (D:2)
  A hound zombie (D:5)
  6 gnolls
  12 river rats (Lair:1)
  9 adders
  A worm (D:2)
  An adder zombie (D:9)
  An adder skeleton (D:9)
  2 giant geckos
  An ooze (D:3)
  39 orcs
  18 bats
  3 bat skeletons
  3 giant cockroaches
  13 hobgoblins
  17 jackals
  22 kobolds
  6 quokkas
  2 ball pythons (D:3)
  6 giant newts
  12 goblins
  A jackal skeleton (D:4)
  A quokka skeleton (D:6)
  28 rats
  A fungus (Lair:1)
  A plant (D:5)
340 creatures vanquished.

Vanquished Creatures (collateral kills)
  A two-headed ogre (D:8)
  A hippogriff (D:8)
  A human (D:3)
  Edmund (D:8)
  A phantom (D:4)
  A centaur (D:8)
  An ogre (D:8)
  A giant frog (D:8)
  2 electric eels (D:8)
  A crimson imp (D:8)
  A centaur skeleton (D:8)
  3 hounds (D:8)
  An adder (D:4)
  A gnoll (D:8)
  A giant cockroach (D:4)
  A hobgoblin (D:8)
  A jackal (D:8)
  2 kobolds (D:8)
22 creatures vanquished.

Vanquished Creatures (others)
  2 crimson imps (D:7)
  A goliath beetle (D:6)
  A quasit (D:7)
  A shadow imp (D:7)
  An ufetubus (D:7)
  5 butterflies
11 creatures vanquished.

Grand Total: 373 creatures vanquished

Notes
Turn   | Place    | Note
--------------------------------------------------------------
     0 | D:1      | Chiseanne, the Spriggan Chaos Knight, began the quest for the Orb.
     0 | D:1      | Reached XP level 1. HP: 11/11 MP: 2/2
    34 | D:1      | XOM: harmless Trmt miscast
   190 | D:1      | XOM: potion effect (invisibility)
   248 | D:1      | Reached XP level 2. HP: 16/16 MP: 4/4
   485 | D:1      | XOM: give mutations
   485 | D:1      | Gained mutation: You possess an exceptional clarity of mind. [Xom's grace]
   782 | D:2      | XOM: stealth player
   795 | D:2      | XOM: vitrification
   846 | D:2      | XOM: god gift: 5 tomahawks of dispersal
   929 | D:2      | Reached XP level 3. HP: 19/19 MP: 6/6
  1262 | D:2      | Noticed Terence
  1275 | D:2      | Killed Terence
  1275 | D:2      | Reached skill level 4 in Dodging
  1375 | D:2      | XOM: 1-stop teleportation journey
  1386 | D:2      | XOM: divination: detect creatures
  1484 | D:2      | Found a sparkling altar of Nemelex Xobeh.
  1569 | D:2      | Reached XP level 4. HP: 18/24 MP: 8/8
  1590 | D:2      | XOM: swap monsters
  1613 | D:2      | XOM: swap monsters
  1874 | D:2      | XOM: vitrification
  1979 | D:2      | XOM: noise
  2034 | D:3      | Noticed a hippogriff
  2139 | D:3      | Noticed a human
  2139 | D:3      | a hippogriff changed into a human
  2141 | D:3      | XOM: fake destruction
  2159 | D:3      | Killed a human
  2159 | D:3      | Reached skill level 5 in Dodging
  2159 | D:3      | Reached XP level 5. HP: 10/28 MP: 10/10
  2172 | D:3      | XOM: give mutation
  2172 | D:3      | Gained mutation: You can spit poison. [Xom's grace]
  2223 | D:3      | XOM: god gift: sharpened copper wand {god gift}
  2353 | D:3      | XOM: 4-stop teleportation journey
  2403 | D:3      | XOM: vitrification
  2909 | D:3      | Reached skill level 6 in Dodging
  3224 | D:4      | Noticed a phantom
  3228 | D:4      | XOM: summons friendly iron imp
  3248 | D:4      | XOM: smoke on damage
  3255 | D:4      | Killed a phantom
  3255 | D:4      | Reached XP level 6. HP: 19/32 MP: 12/12
  3493 | D:4      | XOM: enchant monster (good)
  3517 | D:4      | XOM: 1-stop teleportation journey
  3598 | D:4      | Found a staircase to the Ecumenical Temple.
  3606 | Temple   | Entered the Ecumenical Temple
  3699 | Temple   | XOM: medium Fire miscast
  3723 | Temple   | XOM: mild Fire miscast
  3945 | D:4      | Reached skill level 7 in Dodging
  3974 | D:4      | Got a transparent rapier
  3975 | D:4      | Identified the +3 rapier "Turgh" {pierce, Stlth+} (You found it on level 4 of the Dungeon)
  4041 | D:4      | XOM: mild Air miscast
  4361 | D:4      | XOM: colour smoke trail
  4424 | D:4      | XOM: harmless Chrm miscast
  4445 | D:5      | Entered Level 5 of the Dungeon
  4473 | D:5      | Found Ajyll's Antique Armour Boutique.
  4513 | D:5      | XOM: smoke on damage
  4525 | D:5      | Reached skill level 1 in Stealth
  4525 | D:5      | Reached XP level 7. HP: 23/37 MP: 14/14
  4532 | D:5      | Reached skill level 8 in Dodging
  4570 | D:5      | Reached skill level 1 in Short Blades
  4694 | D:5      | XOM: potion effect (berserk rage)
  4695 | D:5      | XOM: potion effect (agility)
  4705 | D:5      | Reached skill level 9 in Dodging
  4708 | D:5      | Found Klim's Antique Armour Shop.
  4747 | D:5      | XOM: silly message
  4761 | D:5      | Bought a heavy robe for 148 gold pieces
  4772 | D:5      | Identified the +1 robe of Summertime {MP-9 Int+3} (You bought it in a shop on level 5 of the Dungeon)
  4853 | D:5      | Found Yloclumm's Distillery.
  4984 | D:5      | Found Culudd's Gadget Shop.
  5037 | D:5      | Found Zerhog's Jewellery Boutique.
  5217 | D:5      | XOM: divination: detect creatures
  5219 | D:5      | XOM: butterfly on damage
  5220 | D:5      | Reached skill level 10 in Dodging
  5220 | D:5      | Reached XP level 8. HP: 14/42 MP: 16/16
  5293 | D:5      | XOM: scenery: 1 doors open
  5607 | D:6      | XOM: butterfly on damage
  5870 | D:7      | XOM: divination: detect creatures
  5887 | D:7      | XOM: divination: detect items
  5892 | D:7      | XOM: divine lightning (protected)
  5893 | D:7      | XOM: summons 6 friendly demons
  5911 | D:7      | Reached skill level 11 in Dodging
  6126 | D:7      | Reached skill level 5 in Stealth
  6150 | D:7      | XOM: god gift: ring mail {god gift}
  6318 | D:7      | Reached skill level 12 in Dodging
  6717 | D:8      | XOM: medium Divn miscast
  6795 | D:8      | Reached XP level 9. HP: 45/45 MP: 18/18
  6889 | D:8      | Noticed a two-headed ogre
  6894 | D:8      | Killed a two-headed ogre
  6894 | D:8      | Reached skill level 13 in Dodging
  6974 | D:8      | Noticed Edmund
  6982 | D:8      | Killed Edmund
  6982 | D:8      | Reached skill level 5 in Short Blades
  7243 | D:8      | Noticed a troll
  7256 | D:8      | Killed a troll
  7295 | D:8      | Found a staircase to the Lair.
  7370 | D:8      | XOM: god gift: scroll of enchant weapon
  7426 | D:8      | Found Aqotusti's Book Shoppe.
  7714 | D:8      | Found a bloodstained altar of Trog.
  7724 | D:8      | Reached skill level 14 in Dodging
  7777 | Lair:1   | Entered Level 1 of the Lair of Beasts
  8098 | D:6      | Found an opulent altar of Gozag.
  8113 | D:6      | Found a bloodstained altar of Trog.
  8231 | D:6      | XOM: polymorph orc warrior -> steam dragon
  8233 | D:6      | XOM: polymorph steam dragon -> hound
  8331 | D:6      | XOM: divination: detect creatures
  8617 | D:6      | XOM: cast spell 'Spider Form'
  8719 | Lair:1   | Found a dark tunnel.
  8727 | Volcano  | Entered a volcano
  8761 | Volcano  | XOM: silly message
  8762 | Volcano  | Reached XP level 10. HP: 35/49 MP: 19/19
  8933 | Volcano  | XOM: butterfly on damage
  9054 | Volcano  | Found a burning altar of Makhleb.
  9054 | Volcano  | Noticed a fire drake
  9054 | Volcano  | Noticed a fire dragon
  9058 | Volcano  | Killed a fire drake
  9059 | Volcano  | Reached skill level 10 in Stealth
  9072 | Volcano  | XOM: divine lightning (protected)
  9074 | Volcano  | Killed a fire dragon
  9075 | Volcano  | Noticed a molten gargoyle
  9075 | Volcano  | Noticed a molten gargoyle
  9079 | Volcano  | Noticed a fire drake
  9080 | Volcano  | Killed a molten gargoyle
  9080 | Volcano  | XOM: blink monster(s)
  9085 | Volcano  | XOM: confuse monster(s)
  9086 | Volcano  | Killed a fire drake
  9096 | Volcano  | XOM: enchant monster (bad)
  9102 | Volcano  | XOM: butterfly on damage
  9104 | Volcano  | Killed a molten gargoyle
  9104 | Volcano  | Reached skill level 15 in Dodging
  9349 | Volcano  | XOM: harmless Air miscast
  9794 | Lair:1   | Noticed a four-headed hydra
  9800 | Lair:1   | Noticed a komodo dragon
  9802 | Lair:1   | Killed a four-headed hydra
  9804 | Lair:1   | Killed a komodo dragon
  9812 | Lair:1   | Noticed a spiny frog
  9816 | Lair:1   | Killed a spiny frog
  9876 | Lair:1   | XOM: mild Pois miscast
 10034 | D:6      | Fell from the grace of Xom
 10034 | D:6      | Became a worshipper of Gozag Ym Sagoz the Greedy
 10188 | Lair:1   | Reached XP level 11. HP: 37/53 MP: 20/20
 10286 | Lair:1   | XOM: noise
 10958 | D:9      | Noticed an eight-headed hydra
 11067 | D:9      | Learned a level 2 spell: Repel Missiles
 11105 | D:9      | Learned a level 2 spell: Swiftness
 11109 | D:9      | Learned a level 3 spell: Flight
 11199 | D:9      | Reached skill level 16 in Dodging
 12058 | D:5      | Bought a runed hat for 104 gold pieces
 12085 | D:5      | Bought the ring "Tonuhy" {rElec rF+ rN+ Int-4} for 417 gold pieces
 12085 | D:5      | Bought a cursed ring of loudness for 54 gold pieces
 12085 | D:5      | Bought a +1 ring of protection for 36 gold pieces
 12107 | D:5      | XOM: stat loss: -1 Str (10/11)
 12283 | D:10     | Entered Level 10 of the Dungeon
 12310 | D:10     | Noticed Eustachio
 12315 | D:10     | Noticed Bikalo's ghost (powerful VSTm)
 12470 | D:10     | Noticed Psyche
 12471 | D:10     | XOM: polymorph kobold -> giant cockroach
 12532 | D:10     | Killed Psyche
 12722 | D:9      | XOM: give mutation
 12722 | D:9      | Gained mutation: You are clumsy. (Dex -2) [Xom's mischief]
 12949 | D:10     | Reached skill level 17 in Dodging
 13009 | D:10     | Killed Eustachio
 13168 | D:10     | Noticed Grum
 13198 | D:10     | Got a faintly glowing flail
 13228 | D:10     | XOM: medium Necr miscast
 13228 | D:10     | Killed by the capriciousness of Xom

Action                   |  1- 3 |  4- 6 |  7- 9 | 10-12 || total
-------------------------+-------+-------+-------+-------++-------
Melee: Hand axe          |   106 |   142 |    53 |    10 ||   311
       Rapier            |       |    64 |   286 |   419 ||   769
 Fire: Blowgun           |       |       |     7 |   101 ||   108
 Cast: Repel Missiles    |       |       |       |     1 ||     1
Evoke: Deck              |       |     3 |     3 |       ||     6
       Wand              |       |     1 |     1 |     3 ||     5
  Use: Scroll            |     8 |     5 |    11 |     3 ||    27
       Potion            |       |       |     1 |     6 ||     7
 Stab: Invisible         |     2 |       |       |       ||     2
       Sleeping          |     3 |     4 |    21 |    29 ||    57
       Fleeing           |       |       |     1 |       ||     1
       Distracted        |       |       |     1 |     8 ||     9
       Paralysed         |       |       |     1 |       ||     1
  Eat: Fruit             |       |     4 |       |       ||     4
       Pizza             |       |     1 |       |       ||     1
       Bread ration      |       |       |     1 |       ||     1
       Royal jelly       |       |       |       |     1 ||     1
